 Dungeon Crawl Stone Soup version 0.31-a0-175-g9f7f995f2b (webtiles) character file.

Game seed: 15664713435057435793

211 qw the Shooter (level 5, -1/32 HPs)
             Began as a Gargoyle Hunter on June 17, 2023.
             Slain by a gnoll
             ... wielding a +0 club
             ... led by a gnoll bouda
              (7 damage)
             ... on level 3 of the Dungeon.
             The game lasted 00:00:35 (1310 turns).

qw the Shooter (Gargoyle Hunter)                    Turns: 1310, Time: 00:00:36

Health: -1/32      AC: 11    Str: 15    XL:     5   Next: 88%
Magic:  5/5        EV: 11    Int:  9    God:
Gold:   1399       SH:  0    Dex: 15    Spells: 4/4 levels left

rFire   . . .        b - +2 arbalest "Emnat" {flame, rC- rN+ Will+}
rCold   x . .        (shield currently unavailable)
rNeg    + + +        g - +0 swamp dragon scales
rPois   inf          (helmet restricted)
rElec   +            (no cloak)
rCorr   +            (no gloves)
SInv    .            (no boots)
Will    +....        (no amulet)
Stlth   +            c - ring of resist corrosion
HPRegen 0.25/turn    e - ring of positive energy
MPRegen 0.09/turn

%: no passive effects
@: no status effects
A: sickness immunity, AC +4, negative energy resistance 1, electricity
resistance, torment resistance 1, petrification resistance, horns 1
a: no special abilities


You were on level 3 of the Dungeon.
You visited 1 branch of the dungeon, and saw 3 of its levels.

You collected 1399 gold pieces.


Innate Abilities, Weirdness & Mutations

You are immune to sickness and miasma.
Your stone body is resilient. (AC +4)
You are immune to poison.
You resist negative energy. (rN+)
You are resistant to electric shocks. (rElec)
You are resistant to unholy torment.
You are immune to petrification.
You have a pair of small horns on your head.


   Skills:
 + Level 3.3 Fighting
 - Level 6.1 Ranged Weapons
 - Level 1.9 Armour
 - Level 1.5 Dodging
 - Level 1.1 Stealth


You had 4 spell levels left.
You didn't know any spells.
Your spell library was empty.

Inventory:

Hand Weapons
 b - the +2 arbalest "Emnat" (weapon) {flame, rC- rN+ Will+}
   (You acquired it on level 1 of the Dungeon)

   rC:        It makes you vulnerable to cold.
   rN:        It protects you from negative energy.
   Will:      It increases your willpower.
 Y - a +0 shortbow
Armour
 g - +0 swamp dragon scales (worn)
Jewellery
 c - a ring of resist corrosion (left hand)
 e - a ring of positive energy (right hand)
Scrolls
 h - a scroll of identify
Potions
 a - a potion of curing
 d - a potion of might
 f - a potion of degeneration {unknown}
 j - a potion of heal wounds {unknown}

Dungeon Overview and Level Annotations

Branches:
Dungeon (3/15)

Altars:


Message History

A gnoll bouda comes into view. It is wielding a +0 club.
You shoot a bolt. The gnoll bouda shouts!
The bolt hits the gnoll.
The bolt burns the gnoll.
The gnoll is heavily wounded.
You hear a shout!
The gnoll barely misses you. The gnoll closely misses you.
The gnoll barely misses you.
You shoot a bolt. The bolt barely misses the gnoll.
The gnoll hits you but does no damage. The gnoll hits you with a +0 club.
The gnoll hits you but does no damage. The gnoll closely misses you.
You shoot a bolt. The bolt closely misses the gnoll.
You hear a shout!
The gnoll hits you with a +0 whip. The gnoll hits you but does no damage.
You shoot a bolt. The bolt closely misses the gnoll.
A kobold comes into view. It is wielding a +0 whip.
The gnoll hits you but does no damage. The gnoll barely misses you. x2
A gnoll comes into view. It is wielding a +0 flail.
The gnoll barely misses you.
You shoot a bolt. The bolt hits the gnoll.
The bolt burns the gnoll.
The gnoll is almost dead.
The gnoll barely misses you. The gnoll hits you with a +0 club.
You shoot a bolt. The bolt barely misses the gnoll.
The gnoll bouda hits you but does no damage.
The gnoll hits you but does no damage. The gnoll closely misses you.
You shoot a bolt. The bolt hits the gnoll.
The bolt burns the gnoll.
You kill the gnoll!
The gnoll bouda barks out a call to the hunt!
The gnolls pick up the pace!
The gnoll hits you with a +0 club. The gnoll hits you but does no damage.
The gnoll bouda hits you with a +0 club!
You shoot a bolt. The bolt hits the gnoll bouda!!
The bolt burns the gnoll bouda.
You kill the gnoll bouda!
The gnoll misses you. The gnoll hits you with a +0 flail!
Your Ranged Weapons skill increases to level 6!
You shoot a bolt. The bolt hits the gnoll!
The bolt burns the gnoll.
The gnoll is severely wounded.
The gnoll hits you with a +0 club!
You die...

#.# #.# #.# #.#
##.# #.#
#..###.#######
#..#.......)..
#....#.####### #
#....#...#####
#.##)..........#
#..@g.###.####.#
###g#.# #.#
..K)...#.#
.....#.#.#
!....(#.#.#
#......# #.#
.......? #.#
..........#.#
#.#


You could see 2 gnolls and a kobold.

Vanquished Creatures
  A gnoll bouda (D:3)
  Jessica (D:2)
  Natasha (thrice) (D:2)
  3 gnolls (D:3)
  An adder (D:2)
  2 dart slugs (D:2)
  4 endoplasms
  2 giant cockroaches (D:1)
  4 hobgoblins
  3 quokkas
  4 ball pythons
  3 bats
  2 frilled lizards
  8 kobolds
  2 rats
43 creatures vanquished.

Notes
Turn   | Place    | Note
-------+----------+-------------------------------------------
     0 | D:1      | qw the Gargoyle Hunter began the quest for the Orb.
     0 | D:1      | Reached XP level 1. HP: 12/12 MP: 1/1
     0 | D:1      | 0 ||| qw: Version: 0.3-a-2-g5ab2908
     0 | D:1      | 0 ||| qw: Game counter: 135
     0 | D:1      | 0 ||| qw: Always use a shield: true
     0 | D:1      | 0 ||| qw: God list: Okawaru
     0 | D:1      | 0 ||| qw: Allow faded altars: false
     0 | D:1      | 0 ||| qw: Do Orc after D:15 true
     0 | D:1      | 0 ||| qw: Do second Lair branch before Depths: true
     0 | D:1      | 0 ||| qw: Lair rune preference: random
     0 | D:1      | 0 ||| qw: Plans: Normal, Zot:1-4, Slime:5, God:TSO, Crypt,
                  | Tomb, Abyss, Pan, Hells, Win
     0 | D:1      | 0 ||| PLANNING D:1-11
   147 | D:1      | Reached XP level 2. HP: 17/17 MP: 2/2
   309 | D:1      | Reached XP level 3. HP: 12/21 MP: 3/3
   509 | D:1      | You fall into a shaft and drop 1 floor!
   536 | D:2      | Reached skill level 5 in Ranged Weapons
   592 | D:2      | 592 ||| UPGRADING to +0 ring mail.
   602 | D:2      | 602 ||| DROPPING +0 leather armour.
   603 | D:2      | 603 ||| UPGRADING to +0 swamp dragon scales.
   613 | D:2      | 613 ||| DROPPING +0 ring mail.
   614 | D:2      | 614 ||| READING scroll labelled EGADWE RYLATY.
   618 | D:2      | 618 ||| READING 2 scrolls labelled ARAULAI SAEJ.
   619 | D:2      | 619 ||| READING scroll labelled QUHUEL NIKHA.
   620 | D:2      | 620 ||| READING scroll labelled BILEEMO VUGHIM.
   621 | D:2      | 621 ||| DRINKING 2 golden potions.
   622 | D:2      | 622 ||| DROPPING scroll of butterflies.
   752 | D:1      | 752 ||| READING 2 scrolls labelled POTUEHIGIGI.
   752 | D:1      | Identified 2 scrolls of acquirement
   752 | D:1      | 752 ||| ACQUIRING +2 arbalest "Emnat" {flame, rC- rN+
                  | Will+}
   752 | D:1      | Acquired the +2 arbalest "Emnat" {flame, rC- rN+ Will+}
   754 | D:1      | 754 ||| SWAPPING to +2 arbalest "Emnat" {flame, rC- rN+
                  | Will+}.
   755 | D:1      | 755 ||| READING scroll of acquirement.
   755 | D:1      | 755 ||| ACQUIRING 1253 gold pieces
   755 | D:1      | Acquired 1253 gold pieces
   872 | D:2      | Noticed Natasha
   873 | D:2      | Killed Natasha
   874 | D:2      | Reached skill level 1 in Armour
   874 | D:2      | Reached XP level 4. HP: 27/27 MP: 4/4
  1019 | D:2      | Noticed Natasha
  1021 | D:2      | Killed Natasha
  1022 | D:2      | Reached skill level 3 in Fighting
  1056 | D:2      | Noticed Jessica
  1058 | D:2      | Killed Jessica
  1059 | D:2      | Reached XP level 5. HP: 32/32 MP: 5/5
  1098 | D:2      | Noticed Natasha
  1104 | D:2      | Killed Natasha
  1209 | D:2      | 1209 ||| UPGRADING to ring of resist corrosion.
  1210 | D:2      | 1210 ||| UPGRADING to ring of positive energy.
  1211 | D:2      | 1211 ||| DRINKING 2 fizzy sapphire potions.
  1211 | D:2      | Gained mutation: You occasionally lose the ability to drink
                  | potions when taking damage. [potion of mutation]
  1212 | D:2      | 1212 ||| DRINKING potion of mutation.
  1212 | D:2      | Lost mutation: You occasionally lose the ability to drink
                  | potions when taking damage. [potion of mutation]
  1212 | D:2      | Gained mutation: You have a pair of small horns on your
                  | head. [potion of mutation]
  1213 | D:2      | 1213 ||| READING 2 scrolls of identify.
  1213 | D:2      | 1213 ||| IDENTIFYING viscous orange potion
  1309 | D:3      | HP: 6/32 [gnoll/+0 flail[a gnoll bouda] (7)]
  1310 | D:3      | Reached skill level 6 in Ranged Weapons
  1310 | D:3      | Slain by a gnoll

Levels and vault maps discovered:
D:1:      dpeg_arrival_fog, layout_basic
D:2:      layout_rooms, chequers_serial_rivers_room_a, minmay_pentomino_z2,
          uniq_jessica, uniq_natasha
D:3:      layout_basic, mainiacjoe_overflow_concentric_impassable,
          hellmonk_ecumenical_altar_lost_god, minmay_crystal_room,
          nicolae_wormholes

Skill      XL: |  1  2  3  4  5 |
---------------+----------------+-----
Ranged Weapons | 5 6 |  6.1
Armour         | 1 |  1.9
Fighting       | 3 |  3.3
Dodging        | |  1.5
Stealth        | |  1.1

Action                     |  1- 3 |  4- 6 || total
---------------------------+-------+-------++-------
   Fire: Shortbow          |    99 |       ||    99
         Arbalest          |     2 |    34 ||    36
    Use: Scroll            |     6 |     1 ||     7
         Potion            |     1 |     2 ||     3
 Armour: Leather armour    |    18 |       ||    18
         Swamp dragon scal |     2 |    11 ||    13
  Dodge: Dodged            |    17 |    12 ||    29

Table legend:
 A = Non-vault XP
 B = Vault XP
 C = Vault XP percentage of total XP
 D = Non-vault monster count
 E = Vault monster count
 F = Vault count percentage of total count
                 A         B        C        D         E       F
            +---------+---------+-------+---------+---------+-------
      Total |     228 |      74 |  24.5 |      40 |       3 |   7.0
            +---------+---------+-------+---------+---------+-------
        D:1 |      38 |       0 |   0.0 |      23 |       0 |   0.0
        D:2 |     104 |      74 |  41.6 |      12 |       3 |  20.0
        D:3 |      86 |       0 |   0.0 |       5 |       0 |   0.0
            +---------+---------+-------+---------+---------+-------
